AoeStats
← Chris

African Clearing

506987553Analyzed
4v4 RM · 16d ago on Sep 16, 2026· 56m 4s· 8 players
Game mode
Random Map
Map size
Large (8 player)
Population
200
Speed
Normal
Resources
Standard
Victory
Conquest
Starting age
Dark Age
Ending age
Imperial Age
RankedLock teamsTeams togetherTeam positionsShared explorationLock speedFull tech treeHidden civsTurbo modeCheats
Victory
Defeat
🇨🇳 Georgians · China
1387
+13
🇨🇳 Huns · China
1337
+15
🇨🇳 Slavs · China
1333
+15
🇨🇳 Vietnamese · China
1319
+15
🇦🇷 Huns · Argentina
1376
-18
🇺🇸 Poles · United States
1317
-15
🇲🇽 Chinese · Mexico
1286
-13
🇨🇳 Burgundians · China
1258
-12
喷火龙
13:15 Feudal Age
14:27 Double-Bit Axe
17:12 Castle Age
15:06 Gold Mining
16:46 Fletching
17:53 Bodkin Arrow
24:46 Loom
25:52 Wheelbarrow
26:07 Horse Collar
27:16 Heavy Plow
28:00 Hand Cart
29:07 Bloodlines
30:41 Husbandry
31:28 Town Watch
34:38 Imperial Age
33:23 Thumb Ring
33:51 Padded Archer Armor
35:15 Ballistics
35:23 Bracer
36:25 Chemistry
36:10 Bow Saw
35:34 Light Cavalry
36:24 Town Patrol
35:48 Heavy Cavalry Archer
36:44 Leather Archer Armor
37:26 Paper Money
37:23 Scale Barding Armor
39:50 Pikeman
44:01 Ring Archer Armor
44:20 Chain Barding Armor
45:02 Forging
44:58 Murder Holes
46:55 Plate Barding Armor
48:16 Iron Casting
51:15 Halberdier
51:56 Squires
51:41 Arson
51:57 Scale Mail Armor
860
6:13 Loom
11:35 Feudal Age
11:54 Man-at-Arms
12:49 Double-Bit Axe
14:38 Horse Collar
21:49 Castle Age
22:54 Bow Saw
22:59 Heavy Plow
25:01 Detinets
26:36 Wheelbarrow
32:34 Fletching
33:21 Bodkin Arrow
34:59 Hand Cart
42:08 Imperial Age
40:16 Scale Mail Armor
40:26 Forging
40:34 Pikeman
41:15 Squires
41:55 Gold Mining
43:53 Iron Casting
43:38 Scale Barding Armor
44:46 Halberdier
46:29 Chain Mail Armor
47:15 Blast Furnace
47:54 Conscription
48:28 Plate Mail Armor
51:25 Two-Man Saw
52:53 Chemistry
52:14 Ballistics
52:05 Masonry
52:03 Husbandry
52:14 Bloodlines
52:25 Stone Mining
逝
4:26 Loom
14:52 Feudal Age
20:43 Castle Age
19:06 Bloodlines
19:38 Double-Bit Axe
19:45 Gold Mining
30:25 Bow Saw
37:39 Wheelbarrow
36:50 Town Watch
41:02 Imperial Age
38:49 Scale Barding Armor
38:47 Horse Collar
39:11 Stone Mining
41:18 Hand Cart
42:17 Chain Barding Armor
42:08 Forging
42:03 Husbandry
42:43 Conscription
43:18 Hoardings
43:56 Heavy Plow
45:15 Plate Barding Armor
45:16 Iron Casting
45:51 Elite Monaspa
49:14 Crop Rotation
50:15 Fletching
51:30 Blast Furnace
51:36 Fortified Wall
51:07 Treadmill Crane
53:30 Stone Shaft Mining
53:18 Town Patrol
54:35 Aznauri Cavalry
55:05 Bodkin Arrow
55:33 Ballistics
54:59 Arrowslits
55:25 Masonry
55:00 Arrowslits
55:25 Masonry
55:59 Svan Towers
深秋
7:55 Loom
14:06 Feudal Age
19:06 Castle Age
17:28 Double-Bit Axe
21:50 Fletching
24:34 Bodkin Arrow
28:18 Ballistics
27:41 Horse Collar
28:53 Thumb Ring
29:00 Heavy Plow
29:21 Bow Saw
29:37 Bloodlines
29:27 Husbandry
31:43 Padded Archer Armor
32:59 Leather Archer Armor
33:40 Gold Mining
34:57 Wheelbarrow
38:09 Imperial Age
39:11 Town Watch
40:38 Conscription
41:01 Marauders
40:41 Light Cavalry
45:19 Scale Barding Armor
45:25 Forging
45:54 Gold Shaft Mining
47:16 Chain Barding Armor
47:31 Iron Casting
46:23 Elite Tarkan
51:10 Plate Barding Armor
51:35 Blast Furnace
51:56 Two-Man Saw
52:46 Stone Mining
53:12 Hussar
Chris
4:55 Loom
14:10 Feudal Age
15:35 Town Watch
18:30 Castle Age
16:57 Double-Bit Axe
21:03 Horse Collar
22:45 Heavy Plow
28:22 Fletching
29:25 Wheelbarrow
31:42 Stone Mining
32:32 Scale Barding Armor
32:37 Forging
34:26 Stone Shaft Mining
33:42 Gold Mining
34:16 Chain Barding Armor
34:54 Iron Casting
35:47 Bloodlines
35:37 Husbandry
35:50 Szlachta Privileges
36:23 Bow Saw
37:07 Guard Tower
38:40 Bodkin Arrow
38:45 Padded Archer Armor
39:21 Hand Cart
38:43 Elite Skirmisher
40:31 Leather Archer Armor
42:44 Masonry
43:52 Ballistics
ssleo-
3:37 Loom
13:46 Feudal Age
15:08 Wheelbarrow
14:21 Double-Bit Axe
15:18 Town Watch
17:58 Scale Barding Armor
17:39 Horse Collar
18:46 Forging
21:03 Stone Mining
21:11 Gold Mining
24:32 Castle Age
24:37 Bloodlines
25:49 Hand Cart
25:50 Bow Saw
25:44 Heavy Plow
26:54 Fletching
29:19 Padded Archer Armor
30:21 Bodkin Arrow
31:47 Leather Archer Armor
37:57 Pikeman
38:38 Squires
38:23 Arson
41:36 Imperial Age
40:20 Ballistics
40:11 Masonry
40:12 Scale Mail Armor
40:27 Husbandry
40:58 Light Cavalry
42:24 Gold Shaft Mining
42:12 Chain Barding Armor
42:29 Iron Casting
42:49 Bracer
carton corrugado
10:54 Loom
14:22 Feudal Age
16:07 Double-Bit Axe
18:40 Castle Age
16:56 Fletching
19:33 Bow Saw
19:23 Bodkin Arrow
22:56 Man-at-Arms
24:07 Husbandry
25:33 Padded Archer Armor
27:29 Leather Archer Armor
27:14 Horse Collar
32:08 Ballistics
35:49 Wheelbarrow
35:44 Gold Mining
40:31 Imperial Age
38:02 Elite Skirmisher
38:49 Thumb Ring
39:29 Stone Mining
40:34 Heavy Cavalry Archer
41:40 Parthian Tactics
41:48 Bracer
42:57 Chemistry
43:51 Two-Man Saw
44:27 Light Cavalry
45:13 Scale Barding Armor
46:14 Chain Barding Armor
46:40 Bloodlines
47:11 Hussar
48:03 Forging
49:32 Heavy Plow
50:44 Plate Barding Armor
EU _XING
4:29 Wheelbarrow
4:44 Loom
7:31 Loom
11:39 Double-Bit Axe
16:39 Feudal Age
17:48 Hand Cart
17:48 Bow Saw
18:03 Town Watch
23:04 Castle Age
23:10 Castle Age
20:55 Horse Collar
22:22 Heavy Plow
25:01 Two-Man Saw
27:31 Cavalier
28:13 Husbandry
29:18 Scale Barding Armor
29:23 Forging
29:27 Gold Mining
29:29 Stone Mining
31:09 Chain Barding Armor
34:47 Iron Casting
40:07 Imperial Age
38:43 Gold Shaft Mining
38:45 Stone Shaft Mining
39:18 Light Cavalry
41:52 Plate Barding Armor
42:17 Blast Furnace
42:36 Chemistry
41:07 Pikeman
41:29 Hussar
42:11 Arrowslits
42:06 Paladin
43:45 Ballistics
43:06 Treadmill Crane
44:28 Herbal Medicine
45:37 Hoardings
45:23 Conscription
45:09 Burgundian Vineyards
49:30 Scale Mail Armor
49:21 Fletching
49:31 Padded Archer Armor
49:21 Fletching
49:32 Padded Archer Armor
49:29 Murder Holes
49:45 Masonry
49:23 Halberdier
50:05 Squires
50:45 Careening
50:54 Chain Mail Armor
51:07 Bodkin Arrow
51:13 Padded Archer Armor
53:27 Town Patrol
53:37 Burgundian Vineyards
53:54 Conscription
55:42 Bracer
55:58 Leather Archer Armor
56:14 Plate Mail Armor
Connection lost

Rejoining the realm…

Still unreachable

The connection could not be restored.

Session expired

The server has moved on; the page needs a fresh start.